 Dungeon Crawl Stone Soup version 0.17.1-1-g73c8601 (webtiles) character file.

2476 Reinor the Covert (level 9, -5/72 HPs)
             Began as a Vampire Monk on Jan 7, 2016.
             Was a Believer of Makhleb.
             Slain by an orc warrior
             ... wielding a +0 dire flail
              (16 damage)
             ... on level 7 of the Dungeon.
             The game lasted 00:23:08 (5453 turns).

Reinor the Covert (Vampire Monk)                    Turns: 5453, Time: 00:23:09

Health: -5/72      AC:  7    Str: 12    XL:     9   Next: 27%
Magic:  9/9        EV: 16    Int: 13    God:    Makhleb [**....]
Gold:   338        SH:  0    Dex: 17    Spells: 0 memorised, 8 levels left

rFire  . . .     SeeInvis +       - Unarmed
rCold  + . .     Clarity  .     a - +1 robe
rNeg   + . .     SustAt   .     (no shield)
rPois  .         Gourm    .     d - +1 hat
rElec  .         Spirit   .     j - +0 cloak
rCorr  .         Warding  .     i - +1 pair of gloves
rMut   .         Stasis   +     (no boots)
MR     .....                    o - amulet of stasis
Stlth  +++++++...               u - ring of stealth
                                e - ring of protection from cold

@: studying Fighting, not resistant to hostile enchantments, extremely stealthy
A: fangs 3, see invisible, unbreathing
a: Bat Form, Minor Destruction, Renounce Religion


You were on level 7 of the Dungeon.
You worshipped Makhleb.
Makhleb was pleased with you.
You were not thirsty.

You visited 2 branches of the dungeon, and saw 9 of its levels.

You collected 338 gold pieces.

Inventory:

Armour
 a - a +1 robe (worn)
 d - a +1 hat (worn)
 i - a +1 pair of gloves (worn)
 j - a +0 cloak (worn)
 n - a +0 buckler
 q - a +0 shield
Jewellery
 e - a ring of protection from cold (left hand)
 o - an amulet of stasis (around neck)
 u - a ring of stealth (right hand)
Wands
 k - a wand of cold (11)
 p - a wand of slowing (23)
 w - a wand of flame (14)
Scrolls
 h - 3 scrolls of remove curse
 m - 2 scrolls of fear
 t - a scroll of identify
 x - a scroll of teleportation
Potions
 b - a potion of haste
 c - 3 potions of curing
 f - a potion of brilliance
 g - a potion of cancellation
 l - 2 potions of resistance
 r - a potion of might {unknown}
 z - a potion of lignification {unknown}
Books
 s - a manual of Fighting
 v - a book of Clouds

   Spells                             Type                      Level
   a - Mephitic Cloud                 Conjuration/Poison/Air       3
   b - Conjure Flame                  Conjuration/Fire             3
   c - Poisonous Cloud                Conjuration/Poison/Air       6
   d - Freezing Cloud                 Conjuration/Ice/Air          6
   e - Ring of Flames                 Charms/Fire                  7


   Skills:
 - Level 7.0 Fighting
 + Level 6.0 Dodging
 - Level 12.0 Stealth
 - Level 7.2 Unarmed Combat


You had 8 spell levels left.
You didn't know any spells.

Dungeon Overview and Level Annotations

Branches:
Dungeon (8/15)             Temple (1/1) D:6
   Lair: D:8-11

Altars:
Ashenzari
Cheibriados
Dithmenos
Elyvilon
Fedhas
Gozag
Kikubaaqudgha
Makhleb
Okawaru
Qazlal
Ru
Sif Muna
Trog
Vehumet
Xom
Yredelemnul
Zin
The Shining One


Innate Abilities, Weirdness & Mutations

You have razor-sharp teeth.
You have supernaturally acute eyesight.
You can survive without breathing.


Message History

* * * LOW HITPOINT WARNING * * *
You hit the orc warrior.
The orc warrior is heavily wounded.
The orc warrior misses you.
You hit the orc warrior but do no damage.
The orc warrior is heavily wounded.
You hit the orc warrior.
The orc warrior is heavily wounded.
The orc warrior hits you with a dire flail!
* * * LOW HITPOINT WARNING * * *
The orc warrior misses you.
Evoke which item? (* to show all) (? for menu, Esc to quit)
Zapping:
k - a wand of cold (12)
Press: ? - help, Shift-Dir - straight line, f - orc warrior
Aim: an orc warrior, wielding a dire flail and wearing a chain mail (heavily wounded)
The bolt of cold hits the orc warrior.
The orc warrior is almost dead.
This wand has 11 charges left.
The orc warrior hits you with a dire flail!
You die...

....#######.....#.........#
#....
....#_>...8.###.#####...###
#p... ....#######.# #.#
#.#.#####.... ............#
#.# #.#.#........
.....####.### #.#
#.#.#.###....
.....####.#####.#
#.#.#.#######
................# #.#......#
#####################.###.##.#
#.@.......#.##.#
#o#####.#.#.##.#
#.#.....#.#.##.#
#.#.#.#.#.#.##.#
#.#.#...#.#.##.#
#.#.#.#.#.#.##.#
#.#.#####.#....#
#.#.......######
#.#################


You could see an orc warrior.

Vanquished Creatures
  Pikel (D:7)
  A hungry ghost (D:7)
  Menkaure (D:6)
  A wasp (D:7)
  A necrophage (D:7)
  2 centaurs (D:6)
  An ogre (D:5)
  Blork the orc (D:6)
  2 giant frogs
  2 scorpions
  3 wights (D:7)
  A centaur zombie (D:7)
  A quasit (D:6)
  Crazy Yiuf (D:2)
  An iguana (D:6)
  6 orc priests
  A centaur skeleton (D:5)
  3 orc wizards
  4 hounds
  6 worker ants
  A hound skeleton (D:5)
  A worker ant zombie (D:4)
  7 adders
  A gnoll (D:1)
  2 oozes
  An adder zombie (D:5)
  2 worms
  4 giant geckos
  20 orcs
  9 giant cockroaches
  12 goblins
  9 hobgoblins
  10 kobolds
  A ball python (D:1)
  5 bats
  8 giant newts
  4 jackals (D:5)
  A jackal zombie (D:7)
  A quokka (D:4)
  11 rats
  A butterfly (D:4)
151 creatures vanquished.

Vanquished Creatures (others)
  A slave (D:7)
  A big kobold (D:7)
  An orc wizard (D:7)
  3 orcs (D:7)
  A ball python (D:7)
  3 kobolds (D:7)
10 creatures vanquished.

Grand Total: 161 creatures vanquished

Notes
Turn   | Place    | Note
--------------------------------------------------------------
     0 | D:1      | Reinor the Vampire Monk began the quest for the Orb.
     0 | D:1      | Reached XP level 1. HP: 17/17 MP: 1/1
   153 | D:1      | Reached XP level 2. HP: 17/23 MP: 2/2
   165 | D:1      | Reached skill level 5 in Unarmed Combat
   454 | D:1      | Reached XP level 3. HP: 28/28 MP: 3/3
   631 | D:2      | Reached skill level 6 in Unarmed Combat
   680 | D:2      | Reached XP level 4. HP: 14/34 MP: 4/4
  1080 | D:2      | Noticed Crazy Yiuf
  1091 | D:2      | Killed Crazy Yiuf
  1303 | D:3      | Reached XP level 5. HP: 39/39 MP: 5/5
  1340 | D:3      | Reached skill level 7 in Unarmed Combat
  1976 | D:4      | Reached XP level 6. HP: 44/48 MP: 6/6
  2063 | D:4      | Found a white marble altar of Elyvilon.
  2281 | D:4      | Found a shimmering altar of Xom.
  2662 | D:5      | Entered Level 5 of the Dungeon
  2694 | D:5      | Found a bloodstained altar of Trog.
  2694 | D:5      | Found an ancient bone altar of Kikubaaqudgha.
  2701 | D:5      | Reached skill level 5 in Fighting
  2711 | D:5      | Found a sacrificial altar of Ru.
  2711 | D:5      | Found a glowing silver altar of Zin.
  2821 | D:5      | Reached XP level 7. HP: 39/57 MP: 7/7
  3252 | D:5      | Found an iron altar of Okawaru.
  3691 | D:6      | Noticed Blork the orc
  3710 | D:6      | Killed Blork the orc
  3810 | D:6      | Reached skill level 5 in Stealth
  3810 | D:6      | Reached XP level 8. HP: 30/67 MP: 8/8
  3849 | D:6      | Noticed Menkaure
  3860 | D:6      | Killed Menkaure
  3888 | D:6      | Reached skill level 8 in Stealth
  3905 | D:6      | Identified a scroll of acquirement
  3932 | D:6      | Found a staircase to the Ecumenical Temple.
  3958 | Temple   | Entered the Ecumenical Temple
  3994 | Temple   | Became a worshipper of Makhleb the Destroyer
  3994 | Temple   | Reached * piety under Makhleb
  3994 | Temple   | Reached ** piety under Makhleb
  4282 | D:7      | Reached skill level 9 in Stealth
  4289 | D:7      | Noticed Pikel
  4354 | D:7      | Killed Pikel
  4354 | D:7      | Reached skill level 11 in Stealth
  4464 | D:7      | Reached XP level 9. HP: 48/72 MP: 9/9
  4692 | D:7      | Reached skill level 5 in Dodging
  4711 | D:7      | Found a basalt altar of Yredelemnul.
  4878 | D:7      | Reached skill level 12 in Stealth
  5410 | D:7      | HP: 2/72 [orc warrior/dire flail (16)]
  5453 | D:7      | Slain by an orc warrior

Action                   |  1- 3 |  4- 6 |  7- 9 || total
-------------------------+-------+-------+-------++-------
Melee: Unarmed           |   102 |   189 |   318 ||   609
 Abil: End Transformatio |       |       |     1 ||     1
       Bat Form          |       |       |     1 ||     1
Evoke: Wand              |       |       |     1 ||     1
  Use: Scroll            |     6 |     6 |     7 ||    19
       Potion            |       |       |     1 ||     1
 Stab: Sleeping          |     5 |    11 |     6 ||    22
  Eat: Corpse            |     8 |     5 |     5 ||    18
